 Dungeon Crawl Stone Soup version 0.24.0-13-gcf9b319 (webtiles) character file.

Game seed: 10667528989379221786, levelgen mode: deterministic

826 JeffiDaFish the Grave Robber (level 7, -2/54 HPs)
             Began as a Mummy Necromancer on Dec 7, 2019.
             Killed by divine providence
             ... invoked by an orc priest
              (10 damage)
             ... on level 5 of the Dungeon.
             The game lasted 00:11:49 (5986 turns).

JeffiDaFish the Grave Robber (Mummy Necromancer)    Turns: 5986, Time: 00:11:50

Health: -2/54      AC:  3    Str: 15    XL:     7   Next: 64%
Magic:  4/15       EV: 12    Int: 16    God:
Gold:   190        SH:  0    Dex: 13    Spells: 8/17 levels left

rFire    x . .     SeeInvis .   b - +1 dagger
rCold    + . .     Gourm    .   (no shield)
rNeg     + + +     Faith    .   a - +1 robe
rPois    ∞         Spirit   .   (no helmet)
rElec    .         Reflect  .   (no cloak)
rCorr    .         Harm     .   (no gloves)
MR       .....                  (no boots)
Stlth    ++........             (no amulet)
HPRegen  0.18/turn              d - +4 ring of strength
MPRegen  0.14/turn              e - ring of positive energy

@: no status effects
A: no food or potions, fire vulnerability, cold resistance 1, negative energy
resistance 3, torment resistance, unbreathing
a: no special abilities


You were on level 5 of the Dungeon.
You were not hungry.

You visited 1 branch of the dungeon, and saw 5 of its levels.

You collected 190 gold pieces.

Inventory:

Hand Weapons
 b - a +1 dagger (weapon)
Armour
 a - a +1 robe (worn)
Jewellery
 d - a +4 ring of strength (left hand)
 e - a ring of positive energy (right hand)
 f - an uncursed ring of protection from magic {unknown}
 h - an uncursed ring of wizardry {unknown}
 l - an uncursed ring of stealth {unknown}
 m - a cursed amulet of rage {unknown}
Wands
 g - a wand of acid (11)
Scrolls
 c - a scroll of blinking
 i - a scroll of remove curse
 j - a scroll of enchant weapon
 k - a scroll of magic mapping {unknown}


   Skills:
 + Level 4.0 Fighting
 - Level 1.5 Dodging
 - Level 1.5 Stealth
 + Level 5.7 Spellcasting
 * Level 7.3 Necromancy


You had 8 spell levels left.
You knew the following spells:

 Your Spells              Type           Power        Failure   Level  Hunger
a - Pain                  Necr           ####         1%          1    N/A
b - Animate Skeleton      Necr           N/A          1%          1    N/A
c - Vampiric Draining     Necr           ####......   1%          3    N/A
d - Animate Dead          Necr           N/A          7%          4    N/A

Your spell library contained the following spells:

 Spells                   Type           Power        Failure   Level  Hunger
 Regeneration             Chrm/Necr      Unusable     N/A         3    N/A

Dungeon Overview and Level Annotations

Branches:
Dungeon (5/15)
 Temple: D:4-7

Altars:
Elyvilon
Makhleb
Qazlal
Xom
Yredelemnul


Innate Abilities, Weirdness & Mutations

You do not eat or drink.
Your flesh is vulnerable to fire.
You are immune to poison.
Your flesh is cold resistant. (rC+)
You are immune to negative energy. (rN+++)
You are immune to unholy pain and torment.
You can survive without breathing.


Message History

Aiming: Pain (safe; 1% risk of failure)
Press: ? - help, Shift-Dir - straight line, f/p - orc
Aim: an orc, wielding a +0 club and wearing a +0 leather armour (moderately wounded, chance to defeat MR: 93%)
The orc writhes in agony!
You kill the orc!
The orc hits you with a +0 flail!
* * * LOW HITPOINT WARNING * * *
Casting: Pain (safe; 1% risk of failure)
Confirm with . or Enter, or press ? or * to list all spells.
Aiming: Vampiric Draining (safe; 1% risk of failure)
Press: ? - help, Shift-Dir - straight line, f - orc
Aim: an orc, wielding a +0 dagger and wearing a +0 ring mail You kill the orc!
You feel life coursing into your body. The orc closely misses you.
The orc priest invokes the aid of Beogh against you.
Beogh smites you!
* * * LOW HITPOINT WARNING * * *
The orc priest mumbles some strange prayers to Beogh against you.
Beogh smites you!
You die...

#.# #.# #. # #.#
##.###### .# #.#
....... ..# .. #.##
###.#... .o # ..
#.##.#......#.#..#
####.
#.#........o.....#
.....##.### #....o#
......o@#....##.##...#
......#o#.# ##...##..#
........#.###o....##.#
####....#%.#.o.....# #
#....#o.o..._.....#
#....#.##.......###
#...<...##.....##
#....#.####...##
####.#.# ##.##


You could see an orc priest and an orc.

Vanquished Creatures
  2 ogres
  A bullfrog zombie (D:4)
  An orc priest (D:4)
  A hound (D:4)
  A centaur skeleton (D:4)
  4 orc wizards
  2 iguanas (D:4)
  9 adders
  4 gnolls (D:4)
  An ooze (D:5)
  An adder skeleton (D:4)
  2 worms (D:2)
  2 dart slugs (D:1)
  2 leopard geckos
  20 orcs
  6 bats
  4 giant cockroaches
  2 gnoll zombies (D:3)
  11 goblins
  2 hobgoblins
  5 kobolds
  2 ball pythons
  5 frilled lizards
  7 rats
97 creatures vanquished.

Vanquished Creatures (collateral kills)
  An ogre (D:4)
  A howler monkey (D:4)
  2 orc wizards
  2 orcs (D:3)
  2 bats
  A giant cockroach (D:2)
9 creatures vanquished.

Grand Total: 106 creatures vanquished

Notes
Turn   | Place    | Note
-------+----------+-------------------------------------------
     0 | D:1      | JeffiDaFish the Mummy Necromancer began the quest for the
                  | Orb.
     0 | D:1      | Reached XP level 1. HP: 13/13 MP: 4/4
   124 | D:1      | Reached XP level 2. HP: 12/20 MP: 1/5
   127 | D:1      | Learned a level 1 spell: Animate Skeleton
   753 | D:1      | Reached skill level 1 in Fighting
   860 | D:2      | Reached XP level 3. HP: 26/26 MP: 2/7
  1102 | D:2      | Found a faded altar of an unknown god.
  1498 | D:2      | Reached XP level 4. HP: 32/32 MP: 1/9
  1575 | D:2      | Learned a level 3 spell: Vampiric Draining
  1626 | D:2      | Learned a level 4 spell: Animate Dead
  1670 | D:2      | Reached skill level 5 in Necromancy
  1694 | D:2      | Found a white marble altar of Elyvilon.
  2274 | D:3      | Reached XP level 5. HP: 18/38 MP: 0/10
  2869 | D:3      | Found a basalt altar of Yredelemnul.
  3196 | D:4      | Found a stormy altar of Qazlal.
  3486 | D:4      | Noticed an ogre
  3497 | D:4      | Noticed an ogre
  3517 | D:3      | Killed an ogre
  3517 | D:3      | Reached skill level 6 in Necromancy
  3517 | D:3      | Reached XP level 6. HP: 23/46 MP: 1/12
  3885 | D:4      | Reached skill level 5 in Spellcasting
  4374 | D:4      | Reached XP level 7. HP: 48/52 MP: 6/14
  4538 | D:4      | Found a shimmering altar of Xom.
  4649 | D:4      | Reached skill level 7 in Necromancy
  5943 | D:5      | Entered Level 5 of the Dungeon
  5945 | D:5      | Found a burning altar of Makhleb.
  5986 | D:5      | Killed from afar by an orc priest

Levels and vault maps discovered:
D:1:      lightli_arrival_statue_moat, layout_basic, minmay_misc_feat_columns
D:2:      layout_basic, lemuel_coloured_pillars_altar,
          chequers_ecumenical_altar_twisty
D:3:      layout_loops_ring, lemuel_zombie_altar_yredelemnul, first_ration
D:4:      layout_loops_corners, lemuel_doored_altar,
          nicolae_overflow_hidden_temple, kennysheep_path_1
D:5:      layout_basic, old_standard_altar, lemuel_round_altar,
          overflow_temple_1_default

Skill      XL: |  1  2  3  4  5  6  7 |
---------------+----------------------+-----
Spellcasting   | 3 4 5 |  5.7
Fighting       | 1 2 3 4 |  4.0
Necromancy     | 5 6 7 |  7.3
Dodging        | |  1.5
Stealth        | |  1.5

Action                   |  1- 3 |  4- 6 |  7- 9 || total
-------------------------+-------+-------+-------++-------
Melee: Unarmed           |    15 |       |       ||    15
       Dagger            |    24 |   118 |    53 ||   195
 Cast: Pain              |    61 |    68 |    34 ||   163
       Animate Skeleton  |    12 |     9 |       ||    21
       Vampiric Draining |       |    10 |    10 ||    20
       Animate Dead      |       |     6 |     5 ||    11
  Use: Scroll            |     3 |     4 |       ||     7
 Stab: Sleeping          |     3 |     4 |       ||     7
       Distracted        |       |     1 |       ||     1
Armor: Robe              |    16 |    31 |     9 ||    56
Dodge: Dodged            |    37 |    88 |    31 ||   156
